 Dungeon Crawl Stone Soup version 0.20.1-1-g8b1a95d (webtiles) character file.

1385 vatarom the Destroyer (level 8, -2/36 HPs)
             Began as a Spriggan Conjurer on Sept 5, 2017.
             Slain by a hornet zombie (5 damage)
             ... on level 5 of the Dungeon.
             The game lasted 00:21:08 (8532 turns).

vatarom the Destroyer (Spriggan Conjurer)           Turns: 8532, Time: 00:21:10

Health: -2/36      AC:  2    Str:  5    XL:     8   Next: 40%
Magic:  1/13       EV: 18    Int: 17    God:
Gold:   288        SH:  0    Dex: 17    Spells: 2/12 levels left

rFire    . . .     SeeInvis +   k - +0 whip (slash)
rCold    . . .     Gourm    .   (shield restricted)
rNeg     . . .     Faith    .   a - +0 robe
rPois    .         Spirit   .   (helmet restricted)
rElec    .         Reflect  .   (no cloak)
rCorr    .         Harm     .   (gloves unavailable)
MR       ++...                  (boots unavailable)
Stlth    ++........             (no amulet)
Regen    0.2/turn               l - ring of protection from magic
MPRegen  0.2/turn               (no ring)

@: very quick
A: unfitting armour, see invisible, herbivore 3, speed 3, slow metabolism 2
a: no special abilities


You were on level 5 of the Dungeon.
You were hungry.

You visited 2 branches of the dungeon, and saw 6 of its levels.

You collected 288 gold pieces.

Inventory:

Hand Weapons
 e - a +0 dagger
 k - a +0 whip of slashing (weapon)
Armour
 a - a +0 robe (worn)
Jewellery
 l - a ring of protection from magic (left hand)
Wands
 d - a wand of random effects (0/48)
Scrolls
 f - a scroll of fog
 h - 2 scrolls of teleportation
 i - 2 scrolls of remove curse
 j - a scroll of enchant weapon
 n - a scroll of blinking
 p - a scroll of identify
Potions
 m - a potion of haste
Books
 b - a book of Conjurations

   Spells                             Type                      Level
   a - Magic Dart                     Conjuration                  1
   b - Searing Ray                    Conjuration                  2
   c - Dazzling Spray                 Conjuration/Hexes            3
   d - Fulminant Prism                Conjuration/Hexes            4
   e - Force Lance                    Conjuration/Translocation    4
   f - Iskenderun's Mystic Blast      Conjuration                  4
Comestibles
 c - 6 bread rations
 g - a fruit
 o - a royal jelly


   Skills:
 - Level 3.0 Dodging
 - Level 3.0 Stealth
 - Level 2.6 Spellcasting
 + Level 8.2 Conjurations
 - Level 3.3 Hexes


You had 2 spell levels left.
You knew the following spells:

 Your Spells              Type           Power        Failure   Level  Hunger
a - Magic Dart            Conj           ####         1%          1    #......
b - Searing Ray           Conj           ####..       1%          2    ##.....
c - Dazzling Spray        Conj/Hex       ###...       4%          3    ###....
d - Fulminant Prism       Conj/Hex       ###.......   17%         4    #####..


Dungeon Overview and Level Annotations

Branches:
Dungeon (5/15)             Temple (1/1) D:4

Altars:
Ashenzari
Cheibriados
Dithmenos
Elyvilon
Gozag
Hepliaklqana
Kikubaaqudgha
Makhleb
Nemelex Xobeh
Qazlal
Ru
Sif Muna
Trog
Uskayaw
Xom
Yredelemnul
Zin
The Shining One

Annotations:
D:4 Dowan, Duvessa


Innate Abilities, Weirdness & Mutations

You are very small and have problems with some larger weapons.
You are too small for most types of armour.
You have supernaturally acute eyesight. (SInv)
You are a herbivore.
You cover ground extremely quickly.
You need consume almost no food.


Message History

The hornet zombie hits you. The hornet zombie barely misses you.
You hit the hornet zombie but do no damage.
The hornet zombie is almost destroyed.
The hornet zombie closely misses you.
You hit the hornet zombie.
The hornet zombie is almost destroyed.
The hornet zombie barely misses you.
You hit the hornet zombie but do no damage.
The hornet zombie is almost destroyed.
The hornet zombie misses you. x2
You hit the hornet zombie but do no damage.
The hornet zombie is almost destroyed.
The hornet zombie misses you.
You are feeling hungry.
You closely miss the hornet zombie.
The hornet zombie is almost destroyed.
The hornet zombie hits you!
* * * LOW HITPOINT WARNING * * *
The hornet zombie hits you.
You die...

#.#############....#.>.#
#.### #.s##
##..##.....###.... ##..##
##..#####.÷......## ##.s#
#..## #..Z.##...# ##.## #.##
##.##.###... #..## #<#
##..##...#.#. ##..#
#.#####..#####.Z.##
####†#####.#.....## ###.##
##.<..#.....@Z############...
#.......##.#### #....Z....#.
#.......Z##.# ####(#######.##
#.....[..##.####....# #.##
#.s......#.......#### #.#.
##..........###### #...
#............# #..
..........(...# ....
#........$......# ...


You could see a hornet zombie.

Vanquished Creatures
  Pikel (D:3)
  Sigmund (D:5)
  3 ogres (D:4)
  A scorpion (D:4)
  A howler monkey (D:4)
  A jelly (D:5)
  An orc wizard (D:4)
  A centaur skeleton (D:4)
  An orc priest (D:4)
  An iguana (D:5)
  4 worker ants (D:4)
  A hound skeleton (D:4)
  4 gnolls (D:4)
  A howler monkey skeleton (D:5)
  5 adders
  An ooze (D:2)
  3 worms
  A dart slug (D:1)
  9 orcs
  7 giant cockroaches
  9 goblins
  5 hobgoblins
  12 jackals
  6 kobolds
  5 quokkas
  3 ball pythons
  14 bats
  4 frilled lizards
  4 rats
110 creatures vanquished.

Vanquished Creatures (others)
  A slave (D:4)
  A quokka (D:5)
  9 fulminant prisms
11 creatures vanquished.

Grand Total: 121 creatures vanquished

Notes
Turn   | Place    | Note
-------+----------+-------------------------------------------
     0 | D:1      | vatarom the Spriggan Conjurer began the quest for the Orb.
     0 | D:1      | Reached XP level 1. HP: 9/9 MP: 5/5
    19 | D:1      | Reached skill level 3 in Conjurations
   204 | D:1      | Reached XP level 2. HP: 12/13 MP: 2/6
   220 | D:1      | Learned a level 2 spell: Searing Ray
  1240 | D:1      | Reached XP level 3. HP: 16/16 MP: 4/8
  1279 | D:1      | Learned a level 3 spell: Dazzling Spray
  1566 | D:2      | Reached skill level 1 in Hexes
  1674 | D:2      | Found a shadowy altar of Dithmenos.
  2073 | D:2      | Found a shadowy altar of Dithmenos.
  2185 | D:2      | Found a hazy altar of Hepliaklqana.
  2186 | D:2      | Found a sacrificial altar of Ru.
  2442 | D:3      | Found a glowing golden altar of the Shining One.
  2730 | D:3      | Reached XP level 4. HP: 21/21 MP: 9/9
  2807 | D:3      | Found a snail-covered altar of Cheibriados.
  2917 | D:3      | Found a basalt altar of Yredelemnul.
  3351 | D:4      | Noticed an ogre
  3888 | D:4      | Reached skill level 4 in Conjurations
  4358 | D:4      | Reached XP level 5. HP: 24/24 MP: 6/10
  4541 | D:4      | Noticed a slave
  4854 | D:4      | Noticed an ogre
  4859 | D:4      | Killed an ogre
  4859 | D:4      | Reached skill level 5 in Conjurations
  4859 | D:4      | Reached XP level 6. HP: 26/28 MP: 5/11
  4918 | D:3      | Learned a level 4 spell: Fulminant Prism
  4978 | D:4      | Noticed Pikel
  4982 | D:4      | Noticed a slave
  4999 | D:4      | Noticed a slave
  5906 | D:4      | Reached XP level 7. HP: 32/32 MP: 0/12
  6000 | D:4      | Reached skill level 6 in Conjurations
  7111 | D:4      | Found a staircase to the Ecumenical Temple.
  7120 | Temple   | Entered the Ecumenical Temple
  7223 | D:4      | Noticed Duvessa
  7227 | D:4      | Noticed Dowan
  7804 | D:3      | Killed Pikel
  7804 | D:3      | Reached skill level 7 in Conjurations
  7804 | D:3      | Reached XP level 8. HP: 21/36 MP: 0/13
  7987 | D:5      | Entered Level 5 of the Dungeon
  7992 | D:5      | Noticed Sigmund
  8000 | D:5      | Killed Sigmund
  8000 | D:5      | Reached skill level 8 in Conjurations
  8263 | D:5      | Found a white marble altar of Elyvilon.
  8532 | D:5      | Slain by a hornet zombie

Skill      XL: |  1  2  3  4  5  6  7  8 |
---------------+-------------------------+-----
Conjurations   | 3 4 5 7 8 |  8.2
Hexes          | 2 3 |  3.3
Dodging        | |  3.0
Stealth        | |  3.0
Spellcasting   | |  2.6

Action                   |  1- 3 |  4- 6 |  7- 9 || total
-------------------------+-------+-------+-------++-------
Melee: Unarmed           |     6 |       |       ||     6
       Dagger            |    35 |    14 |     3 ||    52
       Whip              |       |       |    13 ||    13
 Cast: Magic Dart        |   102 |    86 |    60 ||   248
       Searing Ray       |     6 |    16 |    10 ||    32
       Dazzling Spray    |       |     9 |    11 ||    20
       Fulminant Prism   |       |     4 |     5 ||     9
Evoke: Wand              |       |       |     3 ||     3
  Use: Scroll            |     5 |     2 |     1 ||     8
       Potion            |     3 |     4 |     1 ||     8
 Stab: Sleeping          |     4 |     1 |       ||     5
  Eat: Royal jelly       |       |     2 |       ||     2
       Fruit             |       |     1 |     2 ||     3
       Bread ration      |       |     1 |       ||     1
Armor: Robe              |    10 |     1 |     3 ||    14
Dodge: Dodged            |    86 |    34 |    45 ||   165
